 Dungeon Crawl Stone Soup version 0.17.1-1-g73c8601 (webtiles) character file.

326 JustSomeDude the Ruffian (level 6, -3/61 HPs)
             Began as a Troll Monk on Dec 23, 2015.
             Killed from afar by an orc wizard (11 damage)
             ... with a puff of frost
             ... on level 4 of the Dungeon.
             The game lasted 00:06:25 (2632 turns).

JustSomeDude the Ruffian (Troll Monk)               Turns: 2632, Time: 00:06:26

Health: -3/61      AC:  5    Str: 19 (20) XL:     6   Next: 24%
Magic:  5/5        EV: 11    Int:  6      God:
Gold:   199        SH:  0    Dex: 14      Spells: 0 memorised, 5 levels left

rFire  . . .     SeeInvis .       - Unarmed
rCold  . . .     Clarity  .     a - +0 robe
rNeg   . . .     SustAt   .     (no shield)
rPois  +         Gourm    +     (helmet restricted)
rElec  .         Spirit   .     (no cloak)
rCorr  .         Warding  .     (gloves unavailable)
rMut   .         Stasis   .     (boots unavailable)
MR     .....                    (no amulet)
Stlth  ++........               (no ring)
                                d - ring of poison resistance

@: not resistant to hostile enchantments, unstealthy
A: unfitting armour, claws 3, fast metabolism 3, gourmand, regeneration 2,
shaggy fur 1, tough skin 2
a: no special abilities


You were on level 4 of the Dungeon.
You were not hungry.

You visited 1 branch of the dungeon, and saw 4 of its levels.

You collected 199 gold pieces.

Inventory:

Missiles
 e - 5 poisoned javelins (quivered)
Armour
 a - a +0 robe (worn)
 r - a +0 animal skin
Jewellery
 d - a ring of poison resistance (left claw)
 m - an uncursed ring of loudness
 q - an uncursed ring of wizardry {unknown}
Wands
 p - a wand of random effects (26)
Scrolls
 c - 3 scrolls of amnesia
 f - a scroll of recharging {unknown}
 g - 4 scrolls of identify
 i - a scroll of enchant armour {unknown}
 j - a scroll of immolation {unknown}
 n - a scroll of teleportation
 o - a scroll of blinking
Potions
 h - 2 potions of brilliance {unknown}
 l - a potion of agility {unknown}
 s - a potion of ambrosia {unknown}
Comestibles
 b - 4 bread rations
 k - 3 meat rations


   Skills:
 + Level 3.3 Fighting
 + Level 3.9 Dodging
 + Level 2.1 Stealth
 + Level 5.1 Unarmed Combat


You had 5 spell levels left.
You didn't know any spells.

Dungeon Overview and Level Annotations

Branches:
Dungeon (4/15)
 Temple: D:4-7

Altars:
Nemelex Xobeh
Xom


Innate Abilities, Weirdness & Mutations

You are too large for most types of armour.
You have claws for hands.
Your metabolism is lightning-fast.
You like to eat raw meat.
You heal very quickly.
You are covered in fur (AC +1).
You have very tough skin (AC +2).


Message History

The orc wizard flickers and vanishes!
Deactivating autopickup; reactivate with Ctrl-A.
The orc wizard looks braver for a moment.
The orc wizard looks braver for a moment.
You barely miss the orc wizard.
The orc wizard hits you but does no damage.
You completely miss the orc wizard. The orc wizard hits you with a dagger.
* * * LOW HITPOINT WARNING * * *
The orc wizard hits you with a dagger.
* * * LOW HITPOINT WARNING * * *
You barely miss the orc wizard. Your claw misses the orc wizard.
The orc wizard misses you.
You barely miss the orc wizard. The orc wizard hits you with a dagger.
* * * LOW HITPOINT WARNING * * *
You claw the orc wizard!
The orc wizard is heavily wounded.
The orc wizard barely misses you.
The orc wizard points at you and mumbles some strange words.
The puff of frost hits you!
You die...

#.# ##.########
#.........#
#)........#
#.........#
#.........#
######.........#
#..@o.o..))....#
####.####.........#
....## #.........#
#....###.........#
#....##.......####
#.>..##.......#
#....##.......#
###..%.##.......#
#...<####.......#


You could see an orc wizard and an orc.

Vanquished Creatures
  An ice beast (D:3)
  A scorpion (D:4)
  2 orc priests (D:4)
  Jessica (D:2)
  Robin (D:2)
  3 adders (D:3)
  A giant gecko (D:2)
  An orc (D:3)
  A ball python (D:1)
  A giant cockroach (D:2)
  8 hobgoblins
  3 jackals (D:3)
  7 kobolds
  10 bats
  2 giant newts (D:2)
  15 goblins
  4 rats
62 creatures vanquished.

Notes
Turn   | Place    | Note
--------------------------------------------------------------
     0 | D:1      | JustSomeDude the Troll Monk began the quest for the Orb.
     0 | D:1      | Reached XP level 1. HP: 22/22 MP: 0/0
   348 | D:1      | Reached XP level 2. HP: 29/29 MP: 1/1
   995 | D:2      | Noticed Robin
  1000 | D:2      | Killed Robin
  1000 | D:2      | Reached XP level 3. HP: 34/36 MP: 2/2
  1173 | D:2      | Found a sparkling altar of Nemelex Xobeh.
  1173 | D:2      | Noticed Jessica
  1177 | D:2      | Killed Jessica
  1177 | D:2      | Reached XP level 4. HP: 44/44 MP: 3/3
  1919 | D:3      | Noticed an ice beast
  1928 | D:3      | Killed an ice beast
  1928 | D:3      | Reached XP level 5. HP: 8/53 MP: 4/4
  2514 | D:3      | Found a shimmering altar of Xom.
  2571 | D:3      | Reached skill level 5 in Unarmed Combat
  2587 | D:4      | Reached XP level 6. HP: 56/61 MP: 5/5
  2632 | D:4      | Killed from afar by an orc wizard

Action                   |  1- 3 |  4- 6 || total
-------------------------+-------+-------++-------
Melee: Unarmed           |    91 |    83 ||   174
  Use: Scroll            |       |     9 ||     9
       Potion            |       |     5 ||     5
 Stab: Sleeping          |     2 |     7 ||     9
  Eat: Chunk             |    16 |     7 ||    23
